 Dungeon Crawl Stone Soup version 0.17-a0-1954-g0dddeaa (webtiles) character file.

15157 Gorice the Fighter (level 11, -1/98 HPs)
             Began as a Mummy Wanderer on Oct 3, 2015.
             Was an Initiate of Gozag.
             Slain by a gargoyle
             ... wielding a cursed +0 mace
              (14 damage)
             ... on level 10 of the Dungeon.
             The game lasted 01:00:13 (12691 turns).

Gorice the Fighter (Mummy Wanderer)                Turns: 12691, Time: 01:00:14

Health: -1/98      AC: 14    Str: 18    XL:     11   Next: 98%
Magic:  11/11      EV: 11    Int:  9    God:    Gozag
Gold:   861        SH:  0    Dex: 15    Spells: 0 memorised, 10 levels left

rFire  x . .     SeeInvis .     a - +2 whip (elec)
rCold  + . .     Clarity  +     s - +0 plate armour
rNeg   + + +     SustAt   .     (no shield)
rPois  ∞         Gourm    .     m - +0 helmet
rElec  .         Spirit   .     E - +2 cloak {MR+}
rCorr  .         Warding  .     (no gloves)
rMut   .         Stasis   .     (no boots)
MR     ++...                    x - amulet of clarity
Stlth  ..........               t - +5 ring of evasion
                                Y - +1 ring of evasion

@: about to teleport, very resistant to hostile enchantments, extremely
unstealthy
A: no food or potions, fire vulnerability, cold resistance 1, negative energy
resistance 3, torment resistance, unbreathing
a: Potion Petition, Call Merchant, Bribe Branch, Renounce Religion


You were on level 10 of the Dungeon.
You worshipped Gozag.
Gozag was noncommittal.
You were not hungry.

You visited 3 branches of the dungeon, and saw 12 of its levels.

You collected 1569 gold pieces.
You paid 708 gold pieces to Gozag.

Inventory:

Hand weapons
 a - a +2 whip of electrocution (weapon)
   (You took it off an orc on level 4 of the Dungeon)
 b - a +2 shortbow
 p - a +0 flail of protection
   (You took it off an orc on level 6 of the Dungeon)
 v - the +1 flail of Ru's Supremacy {vamp, rPois}
   (You found it on level 5 of the Dungeon)

   It inflicts no extra harm, but heals its wielder somewhat when it strikes a
   living foe.
   It protects you from poison.
 T - the +1 rapier "Goblinslayer" {freeze, *Noise +Blink Dex+4}
   (You found it on level 1 of the Lair of Beasts)

   It has been specially enchanted to freeze those struck by it, causing extra
   injury to most foes and up to half again as much damage against particularly
   susceptible opponents.
   It can also slow down cold-blooded creatures.
   It affects your dexterity (+4).
   It lets you blink.
   It may make noises in combat.
Missiles
 j - 5 tomahawks (quivered)
 u - 166 arrows
 w - 4 silver tomahawks
 H - 10 arrows of frost
 M - 4 curare-tipped needles
Armour
 m - a +0 helmet (worn)
 s - a +0 plate armour (worn)
 E - a +2 cloak of magic resistance (worn)
   (You found it on level 7 of the Dungeon)
Magical staves
 F - an uncursed staff of fire
Jewellery
 t - a +5 ring of evasion (right hand)
 x - an amulet of clarity (around neck)
 R - an uncursed amulet of resist mutation
 Y - a +1 ring of evasion (left hand)
Magical devices
 g - a wand of cold (4)
 k - a wand of slowing (23)
 r - a wand of cold (0)
 B - a wand of slowing (22)
 G - a wand of disintegration (13)
 J - a wand of slowing (21)
 P - a wand of magic darts (23)
 S - a wand of cold (6)
Scrolls
 d - 4 scrolls of teleportation {!r}
 h - 2 scrolls of magic mapping {!r}
 i - 2 scrolls of remove curse
 l - 4 scrolls of fog
 y - a scroll of fear {!r}
 I - 2 scrolls of identify


   Skills:
 + Level 13.5 Fighting
   Level 1.0(7.5) Axes
 * Level 11.6 Maces & Flails
 - Level 1.5 Bows
 - Level 1.0 Throwing
 - Level 1.5 Armour
 - Level 1.0 Evocations


You had 10 spell levels left.
You didn't know any spells.

Dungeon Overview and Level Annotations

Branches:
Dungeon (10/15)            Temple (1/1) D:7            Lair (1/8) D:10
    Orc: D:9-12

Altars:
Ashenzari
Cheibriados
Dithmenos
Elyvilon
Fedhas
Gozag
Kikubaaqudgha
Makhleb
Nemelex Xobeh
Okawaru
Qazlal
Ru
Sif Muna
Trog
Vehumet
Xom
Yredelemnul
Zin
The Shining One

Shops:
D:5 (   D:6 *   D:14 =


Innate Abilities, Weirdness & Mutations

You do not eat or drink.
Your flesh is vulnerable to fire.
You are immune to poison.
Your flesh is cold resistant.
You are immune to negative energy.
You are immune to unholy pain and torment.
You can survive without breathing.


Message History

A gargoyle comes into view. It is wielding a mace.
Damage: 13 (max 14)
You hit the hill giant but do no damage.
The hill giant is almost dead.
You whack the hill giant!
You kill the hill giant!
You see here a buckler.
No target in view!
Which direction?
You close the door.
You start resting.
A gargoyle opens the door.
It is wielding a mace.
The gargoyle hits you with a mace!
You hear a shout!
There is an open door here.
Damage: 13 (max 13)
You hit the gargoyle but do no damage. You hit the gargoyle but do no damage.
The gargoyle hurls a stone arrow at you.
The stone arrow hits you!
Damage: 9 (max 13)
You hit the gargoyle but do no damage. You hit the gargoyle but do no damage.
The gargoyle hits you with a mace.
Damage: 4 (max 13)
Your plate armour prevents you from hitting the gargoyle.
You hit the gargoyle but do no damage. The gargoyle hits you with a mace!
Damage: 15 (max 15)
You hit the gargoyle but do no damage. You hit the gargoyle but do no damage.
The gargoyle closely misses you.
You hit the gargoyle.
The gargoyle is lightly damaged.
Things that are here:
15 gold pieces; a giant spiked club
There is a staircase to the Lair here.
Read which item? (? for menu, Esc to quit)
Really read
d - 5 scrolls of teleportation {!r}?
As you read the scroll of teleportation {!r}, it crumbles to dust.
You feel strangely unstable.
The gargoyle hurls a stone arrow at you.
The stone arrow hits you!
* * * LOW HITPOINT WARNING * * *
Damage: 22 (max 22) Unknown command.
The gargoyle hurls a stone arrow at you.
The stone arrow misses you.
Things that are here:
15 gold pieces; a giant spiked club The gargoyle hits you with a mace!
You die...
Your body crumbles into a pile of gold.

#.'.........#...))..............#
..#...#...##....)....#'##########
.##.....##..P.P.P................
.#.....##......P.PP..'..#........
.#......#.P.P....P......#........
.######..P.......P.............##
........P....####PP....'######.##
........PP...#>9#P.P.........#)##
...###....P..#[$@..P.........#...
.............####............#...
..#####...P.P....PP..........#..#
..# #....P....P..PP............
..# ##.....P.......'########...
#.# #.......P.................
..#######........P.#....#..##....
................#.......#........
.....###................#........


You could see a gargoyle.

Vanquished Creatures
  Gastronok (Lair:1)
  A hydra (Lair:1)
  Erica (D:9)
  A tengu warrior (D:10)
  Nergalle (D:10)
  2 unseen horrors (D:10)
  2 hill giants (D:10)
  A cyclops (D:9)
  2 black mambas (Lair:1)
  A spiny frog (Lair:1)
  2 two-headed ogres
  A deep elf fighter (D:10)
  6 yaks
  A hungry ghost (D:7)
  Grum (Lair:1)
  3 hippogriffs (D:8)
  A basilisk (Lair:1)
  3 wolves (D:10)
  5 water moccasins
  Duvessa (D:7)
  3 ice beasts
  A necrophage (D:9)
  2 porcupines (Lair:1)
  4 ogres
  3 phantoms
  A sky beast (D:10)
  An orc warrior (D:8)
  A crocodile (D:10)
  4 centaurs
  A big kobold (D:10)
  12 giant frogs
  Dowan (D:7)
  A wyvern zombie (D:9)
  5 wights
  3 jellies
  3 scorpions
  A killer bee (Lair:1)
  An electric eel (Lair:1)
  3 crimson imps
  2 giant frog zombies (D:5)
  2 giant frog skeletons
  8 orc wizards
  Crazy Yiuf (D:3)
  A centaur skeleton (D:8)
  5 hounds
  4 iguanas
  3 orc priests
  Jessica (D:3)
  10 worker ants
  A hound zombie (D:7)
  2 river rats (D:10)
  11 adders
  8 gnolls
  3 shadow imps
  2 oozes
  An adder skeleton (D:8)
  A worm (D:6)
  2 giant geckos
  21 orcs
  4 giant cockroaches
  10 goblins
  11 hobgoblins
  3 quokkas
  3 ball pythons
  17 bats
  A giant cockroach zombie (D:5)
  4 giant newts
  4 jackals (D:2)
  15 kobolds
  A quokka skeleton (D:10)
  16 rats
  A fungus (D:10)
  A plant (Lair:1)
268 creatures vanquished.

Vanquished Creatures (others)
  6 fungi (D:10)
  A plant (D:10)
7 creatures vanquished.

Grand Total: 275 creatures vanquished

Notes
Turn   | Place    | Note
--------------------------------------------------------------
     0 | D:1      | Gorice the Mummy Wanderer began the quest for the Orb.
     0 | D:1      | Gorice set off with: a +2 shortbow, 30 arrows, a +0 ring mail, a scroll of teleportation {!r}, a !bad item (cl:100,ty:0,pl:0,pl2:0,sp:0,qu:0), a !bad item (cl:100,ty:0,pl:0,pl2:0,sp:0,qu:0), a !bad item (cl:100,ty:0,pl:0,pl2:0,sp:0,qu:0), a !bad item (cl:100,ty:0,pl:0,pl2:0,sp:0,qu:0), a !bad item (cl:100,ty:0,pl:0,pl2:0,sp:0,qu:0), a !bad item (cl:100,ty:0,pl:0,pl2:0,sp:0,qu:0), a !bad item (cl:100,ty:0,pl:0,pl2:0,sp:0,qu:0), a !bad item (cl:100,ty:0,pl:0,pl2:0,sp:0,qu:0), a !bad item (cl:100,ty:0,pl:0,pl2:0,sp:0,qu:0), a !bad item (cl:100,ty:0,pl:0,pl2:0,sp:0,qu:0), a !bad item (cl:100,ty:0,pl:0,pl2:0,sp:0,qu:0), a !bad item (cl:100,ty:0,pl:0,pl2:0,sp:0,qu:0), a !bad item (cl:100,ty:0,pl:0,pl2:0,sp:0,qu:0), a !bad item (cl:100,ty:0,pl:0,pl2:0,sp:0,qu:0), a !bad item (cl:100,ty:0,pl:0,pl2:0,sp:0,qu:0), a !bad item (cl:100,ty:0,pl:0,pl2:0,sp:0,qu:0), a !bad item (cl:100,ty:0,pl:0,pl2:0,sp:0,qu:0), a !bad item (cl:100,ty:0,pl:0,pl2:0,sp:0,qu:0), a !bad item (cl:100,ty:0,pl:0,pl2:0,sp:0,qu:0), a !bad item (cl:100,ty:0,pl:0,pl2:0,sp:0,qu:0), a !bad item (cl:100,ty:0,pl:0,pl2:0,sp:0,qu:0), a !bad item (cl:100,ty:0,pl:0,pl2:0,sp:0,qu:0), a !bad item (cl:100,ty:0,pl:0,pl2:0,sp:0,qu:0), a !bad item (cl:100,ty:0,pl:0,pl2:0,sp:0,qu:0), a !bad item (cl:100,ty:0,pl:0,pl2:0,sp:0,qu:0), a !bad item (cl:100,ty:0,pl:0,pl2:0,sp:0,qu:0), a !bad item (cl:100,ty:0,pl:0,pl2:0,sp:0,qu:0), a !bad item (cl:100,ty:0,pl:0,pl2:0,sp:0,qu:0), a !bad item (cl:100,ty:0,pl:0,pl2:0,sp:0,qu:0), a !bad item (cl:100,ty:0,pl:0,pl2:0,sp:0,qu:0), a !bad item (cl:100,ty:0,pl:0,pl2:0,sp:0,qu:0), a !bad item (cl:100,ty:0,pl:0,pl2:0,sp:0,qu:0), a !bad item (cl:100,ty:0,pl:0,pl2:0,sp:0,qu:0), a !bad item (cl:100,ty:0,pl:0,pl2:0,sp:0,qu:0), a !bad item (cl:100,ty:0,pl:0,pl2:0,sp:0,qu:0), a !bad item (cl:100,ty:0,pl:0,pl2:0,sp:0,qu:0), a !bad item (cl:100,ty:0,pl:0,pl2:0,sp:0,qu:0), a !bad item (cl:100,ty:0,pl:0,pl2:0,sp:0,qu:0), a !bad item (cl:100,ty:0,pl:0,pl2:0,sp:0,qu:0), a !bad item (cl:100,ty:0,pl:0,pl2:0,sp:0,qu:0), a !bad item (cl:100,ty:0,pl:0,pl2:0,sp:0,qu:0), a !bad item (cl:100,ty:0,pl:0,pl2:0,sp:0,qu:0), a !bad item (cl:100,ty:0,pl:0,pl2:0,sp:0,qu:0), a !bad item (cl:100,ty:0,pl:0,pl2:0,sp:0,qu:0), a !bad item (cl:100,ty:0,pl:0,pl2:0,sp:0,qu:0), a !bad item (cl:100,ty:0,pl:0,pl2:0,sp:0,qu:0), a !bad item (cl:100,ty:0,pl:0,pl2:0,sp:0,qu:0), a !bad item (cl:100,ty:0,pl:0,pl2:0,sp:0,qu:0)
     0 | D:1      | Reached XP level 1. HP: 18/18 MP: 1/1
   237 | D:1      | Reached XP level 2. HP: 18/24 MP: 2/2
   519 | D:1      | Reached skill level 4 in Fighting
   780 | D:1      | Reached XP level 3. HP: 27/30 MP: 3/3
  1603 | D:2      | Found a white marble altar of Elyvilon.
  1853 | D:3      | Reached XP level 4. HP: 35/38 MP: 4/4
  1892 | D:3      | You fall through a shaft for 3 floors!
  1901 | D:5      | Entered Level 5 of the Dungeon
  1901 | D:5      | Noticed an ogre
  1929 | D:4      | Reached skill level 5 in Fighting
  2172 | D:4      | Reached XP level 5. HP: 35/46 MP: 5/5
  2216 | D:3      | Reached skill level 6 in Fighting
  2821 | D:3      | Found a sacrificial altar of Ru.
  3018 | D:3      | Noticed Crazy Yiuf
  3032 | D:3      | Killed Crazy Yiuf
  3084 | D:3      | Reached XP level 6. HP: 48/53 MP: 6/6
  3098 | D:3      | Noticed Jessica
  3102 | D:3      | Killed Jessica
  3136 | D:3      | Reached skill level 7 in Fighting
  3239 | D:4      | Found a shimmering altar of Xom.
  3544 | D:4      | Noticed an ogre
  3555 | D:4      | Killed an ogre
  3555 | D:4      | Reached skill level 8 in Fighting
  3555 | D:4      | Reached XP level 7. HP: 62/62 MP: 7/7
  3971 | D:5      | Reached skill level 9 in Fighting
  3974 | D:5      | Found Lithruhuy's Antique Weapon Shoppe.
  4033 | D:5      | Got a shimmering flail
  4040 | D:5      | Killed an ogre
  4077 | D:5      | Found a shattered altar of Ashenzari.
  4131 | D:5      | Found a blossoming altar of Fedhas.
  4131 | D:5      | Found a burning altar of Makhleb.
  4554 | D:5      | Identified the cursed +1 flail of Ru's Supremacy {vamp, rPois} (You found it on level 5 of the Dungeon)
  4680 | D:5      | Reached XP level 8. HP: 69/72 MP: 8/8
  4799 | D:6      | Noticed an ice beast
  4810 | D:6      | Killed an ice beast
  4810 | D:6      | Reached skill level 10 in Fighting
  4876 | D:6      | Noticed a giant frog
  4877 | D:6      | Noticed a giant frog
  4883 | D:6      | Killed a giant frog
  4883 | D:6      | Reached skill level 1 in Maces & Flails
  4885 | D:6      | Killed a giant frog
  4900 | D:6      | Noticed an ogre
  5206 | D:6      | Noticed a giant frog
  5215 | D:6      | Killed a giant frog
  5215 | D:6      | Reached skill level 2 in Maces & Flails
  5294 | D:6      | Noticed a centaur
  5322 | D:6      | Killed a centaur
  5377 | D:6      | HP: 21/73 [iguana (6)]
  5708 | D:6      | Found Haminofefu's Serpentskin Sales.
  5708 | D:6      | Noticed a water moccasin
  5720 | D:6      | Killed a water moccasin
  5720 | D:6      | Reached skill level 3 in Maces & Flails
  5745 | D:6      | Noticed a giant frog
  5755 | D:6      | Killed a giant frog
  6035 | D:7      | Reached skill level 4 in Maces & Flails
  6177 | D:7      | Reached XP level 9. HP: 65/79 MP: 9/9
  6487 | D:7      | Noticed Duvessa
  6489 | D:7      | Noticed Dowan
  6499 | D:7      | Killed Duvessa
  6499 | D:7      | Reached skill level 5 in Maces & Flails
  6567 | D:7      | Found a staircase to the Ecumenical Temple.
  6589 | Temple   | Entered the Ecumenical Temple
  6678 | Temple   | Became a worshipper of Gozag Ym Sagoz the Greedy
  6839 | D:7      | Killed Dowan
  6839 | D:7      | Reached skill level 11 in Fighting
  7061 | D:8      | Got a steaming dagger
  7065 | D:8      | Identified the +6 dagger "Gudiavvi" {antimagic, Stlth+} (You found it on level 8 of the Dungeon)
  7786 | D:8      | Reached skill level 6 in Maces & Flails
  8047 | D:9      | Found a snail-covered altar of Cheibriados.
  8093 | D:9      | Reached skill level 7 in Maces & Flails
  8368 | D:9      | Reached XP level 10. HP: 75/89 MP: 10/10
  8396 | D:9      | Noticed a cyclops
  8411 | D:9      | Killed a cyclops
  8432 | D:9      | Found a glowing silver altar of Zin.
  8485 | D:9      | Killed an ogre
  8850 | D:9      | Noticed Erica
  8868 | D:9      | Killed Erica
  8868 | D:9      | Reached skill level 12 in Fighting
  8868 | D:9      | Reached skill level 8 in Maces & Flails
  8961 | D:10     | Entered Level 10 of the Dungeon
  9312 | D:10     | Noticed a hill giant
  9321 | D:10     | Killed a hill giant
  9321 | D:10     | Reached skill level 9 in Maces & Flails
  9327 | D:10     | Noticed a tengu warrior
  9337 | D:10     | Killed a tengu warrior
  9768 | D:10     | Reached XP level 11. HP: 83/96 MP: 11/11
 10509 | D:10     | HP: 28/96 [something (1)]
 10517 | D:10     | HP: 17/96 [something (1)]
 10525 | D:10     | Killed an unseen horror
 10525 | D:10     | Reached skill level 10 in Maces & Flails
 10576 | D:10     | Found a staircase to the Lair.
 10799 | Lair:1   | Entered Level 1 of the Lair of Beasts
 10799 | Lair:1   | Noticed Nergalle
 10802 | Lair:1   | Noticed Grum
 10839 | D:10     | Killed an unseen horror
 10932 | D:10     | Killed Nergalle
 11345 | D:10     | Reached skill level 13 in Fighting
 11352 | Lair:1   | Killed Grum
 11357 | Lair:1   | Noticed Gastronok
 11378 | Lair:1   | Killed Gastronok
 11381 | Lair:1   | --Damn how many uniques are guarding the entrance to Lair:1?!
 11671 | Lair:1   | Reached skill level 11 in Maces & Flails
 11779 | Lair:1   | Noticed a six-headed hydra
 11792 | Lair:1   | Killed a six-headed hydra
 12035 | Lair:1   | Got a smoking rapier
 12148 | Lair:1   | Identified the cursed +1 rapier "Goblinslayer" {freeze, *Noise +Blink Dex+4} (You found it on level 1 of the Lair of Beasts)
 12367 | Lair:1   | Noticed an eight-headed hydra
 12379 | Lair:1   | HP: 24/98 [komodo dragon (22)]
 12538 | D:10     | Noticed a hill giant
 12671 | D:10     | Killed a hill giant
 12689 | D:10     | HP: 12/98 [gargoyle/stone arrow (22)]
 12691 | D:10     | Slain by a gargoyle

Vault maps used:
D:1:      dpeg_arrival_morbid_curiosity, minivault_27, st_stairs_8,
          corexii_corridor_pit, minivault_27, hangedman_feature_mirror
D:2:      elyvilon_altar_5
D:3:      overflow_temple_1_default, uniq_crazy_yiuf_cottage, uniq_jessica
D:4:      overflow_temple_1_default
D:5:      old_standard_altar, amethyst_overflow_temple_binary, serial_shops,
          nicolae_shop_overgrown_old_shop, first_bread
D:6:      guppyfry_shop_venom
D:7:      minmay_temple_entry_junction, uniq_duvessa
D:8:      serial_co_window_serial, co_window_of_opportunity_a,
          co_window_paths_a, co_window_corner_a, co_window_paths_b,
          co_window_corner_a, co_window_of_opportunity_a, co_window_paths_a,
          co_window_broadway_a, co_window_broadway_a, co_window_broadway_a,
          co_window_sun, co_window_paths_e, glass_columns_a
D:9:      lemuel_coloured_pillars_altar, basic_altar, uniq_erica
D:10:     grunt_lair_entry_elf_guard_hut, minivault_16, grunt_tengu_nest
Temple:   oiseaux_autumnal_temple_12
Lair:1:   serial_bayou_pond_c, grunt_forest_small_clearings, uniq_grum,
          uniq_nergalle, uniq_gastronok

Action                   |  1- 3 |  4- 6 |  7- 9 | 10-12 || total
-------------------------+-------+-------+-------+-------++-------
Melee: Mace              |    61 |       |       |       ||    61
       Spear             |   140 |    17 |       |       ||   157
       Flail             |       |    94 |       |    19 ||   113
       Whip              |       |     1 |   335 |   481 ||   817
 Fire: Shortbow          |    45 |    31 |   118 |   112 ||   306
Throw: Stone             |       |     1 |       |       ||     1
       Tomahawk          |       |     2 |     2 |     1 ||     5
Invok: Potion Petition   |       |       |       |     1 ||     1
       Call Merchant     |       |       |       |     1 ||     1
Evoke: Wand              |       |     1 |       |     3 ||     4
  Use: Scroll            |       |     4 |     6 |    10 ||    20
 Stab: Distracted        |       |       |     1 |       ||     1

Table legend:
 A = Turns spent in this place as a percentage of turns spent in the entire game.
 B = Non-inter-level travel turns spent in this place as a percentage of non-inter-level travel turns spent in the entire game.
 C = Inter-level travel turns spent in this place as a percentage of turns spent in this place.
 D = Turns resting spent in this place as a percentage of non-inter-level travel turns spent in this place.
 E = Turns spent auto-exploring this place as a percentage of non-inter-level travel turns spent in this place.
 F = Non-inter-level travel turns spent in this place divided by the number of levels of this place that you've seen.
                   A       B       C       D       E      F
               +-------+-------+-------+-------+-------+----------------------
         Total | 100.0 | 100.0 |   0.3 |   1.4 |   4.4 | 443.1
       Dungeon |  89.6 |  89.6 |   0.3 |   1.3 |   4.4 | 476.5
        Temple |   0.4 |   0.3 |   5.3 |   0.0 |  66.7 |  18.0
          Lair |  10.0 |  10.0 |   0.2 |   1.9 |   1.9 | 534.0
               +-------+-------+-------+-------+-------+----------------------

Vault maps used:
D:1:      dpeg_arrival_morbid_curiosity, minivault_27, st_stairs_8,
          corexii_corridor_pit, minivault_27, hangedman_feature_mirror
D:2:      elyvilon_altar_5
D:3:      overflow_temple_1_default, uniq_crazy_yiuf_cottage, uniq_jessica
D:4:      overflow_temple_1_default
D:5:      old_standard_altar, amethyst_overflow_temple_binary, serial_shops,
          nicolae_shop_overgrown_old_shop, first_bread
D:6:      guppyfry_shop_venom
D:7:      minmay_temple_entry_junction, uniq_duvessa
D:8:      serial_co_window_serial, co_window_of_opportunity_a,
          co_window_paths_a, co_window_corner_a, co_window_paths_b,
          co_window_corner_a, co_window_of_opportunity_a, co_window_paths_a,
          co_window_broadway_a, co_window_broadway_a, co_window_broadway_a,
          co_window_sun, co_window_paths_e, glass_columns_a
D:9:      lemuel_coloured_pillars_altar, basic_altar, uniq_erica
D:10:     grunt_lair_entry_elf_guard_hut, minivault_16, grunt_tengu_nest
Temple:   oiseaux_autumnal_temple_12
Lair:1:   serial_bayou_pond_c, grunt_forest_small_clearings, uniq_grum,
          uniq_nergalle, uniq_gastronok
